 Dungeon Crawl Stone Soup version 0.29-a0-830-gcb1280458a (webtiles) character file.

Game seed: 12886184884230185672

5264 RBrandon the Artisan of Death (level 10, -5/76 HPs)
             Began as a Demonspawn Monk on July 12, 2022.
             Was a Priest of Kikubaaqudgha.
             Slain by a komodo dragon (23 damage)
             ... on level 1 of the Lair of Beasts.
             The game lasted 00:21:47 (9234 turns).

RBrandon the Artisan of Death (Demonspawn Monk)     Turns: 9234, Time: 00:21:48

Health: -5/76      AC: 15    Str: 13    XL:     10   Next: 36%
Magic:  3/17       EV: 15    Int: 13    God:    Kikubaaqudgha [***...]
Gold:   480        SH:  0    Dex: 17    Spells: 5/19 levels left

rFire   . . .      SeeInvis .   J - +2 whip (pain)
rCold   . . .      Faith    .   (no shield)
rNeg    . . .      Spirit   .   L - +0 steam dragon scales
rPois   .          Reflect  .   h - +2 hood of the Assassin {Detection Stab+ Stlth++}
rElec   .          Harm     .   g - +1 cloak
rCorr   .          Rampage  .   o - +2 pair of gloves
Will    .....                   D - +0 pair of boots
Stlth   ++++......              f - amulet of the acrobat
HPRegen 0.22/turn               (no ring)
MPRegen 0.15/turn               (no ring)

@: no status effects
A: slimy green scales 1, powered by death 3, demonic touch 1
a: Renounce Religion, Unearth Wretches


You were on level 1 of the Lair of Beasts.
You worshipped Kikubaaqudgha.
Kikubaaqudgha was most pleased with you.
You visited 2 branches of the dungeon, and saw 10 of its levels.

You collected 480 gold pieces.

Inventory:

Hand Weapons
 a - a +0 falchion
 t - a +1 dagger of venom
   (You found it on level 3 of the Dungeon)
 J - a +2 whip of pain (weapon)
   (You took it off an orc on level 7 of the Dungeon)
Armour
 b - a +0 robe
 d - a +0 chain mail
 e - a +0 leather armour
 g - a +1 cloak (worn)
 h - the +2 hood of the Assassin (worn) {Detection Stab+ Stlth++}
   (You acquired it on level 8 of the Dungeon)

   It allows the wearer to sense nearby creatures.
   It allows the wearer to make particularly effective stabbing attacks against
   helpless or unaware enemies with any weapon.
   Stlth:     It makes you much more stealthy.
 m - a scarf of harm
   (You found it on level 2 of the Dungeon)
 o - a +2 pair of gloves (worn)
 D - a +0 pair of boots (worn)
 H - a +0 ring mail
 L - +0 steam dragon scales (worn)
Jewellery
 f - an amulet of the acrobat (around neck)
 n - a ring of ice
 u - an amulet of guardian spirit
 y - a ring of flight
Wands
 F - a wand of charming (7)
 I - a wand of digging (5)
Scrolls
 i - 5 scrolls of noise
 k - 2 scrolls of vulnerability
 r - a scroll of immolation
 v - a scroll of amnesia
 C - 2 scrolls of teleportation
 G - 2 scrolls of enchant weapon {unknown}
 K - a scroll of poison {unknown}
 M - a scroll of fear {unknown}
Potions
 c - 2 potions of ambrosia
 j - a potion of haste
 l - 3 potions of magic
 q - 4 potions of curing
 s - 4 potions of mutation
 x - 2 potions of invisibility
 z - a potion of lignification
 B - 2 potions of brilliance
 E - 3 potions of might


   Skills:
 - Level 6.2 Fighting
 - Level 3.8 Long Blades
 - Level 5.7 Dodging
 - Level 1.7 Stealth
 - Level 5.1 Spellcasting
 + Level 12.5 Necromancy


You had 5 spell levels left.
You knew the following spells:

 Your Spells              Type           Power      Damage    Failure   Level
b - Vampiric Draining     Necr           36%        2d8       1%          3
c - Sublimation of Blood  Necr           36%        N/A       1%          2
d - Agony                 Necr           36%        N/A       3%          5
e - Anguish               Hex/Necr       9%         N/A       14%         4

Your spell library contained the following spells:

 Spells                   Type           Power      Damage    Failure   Level
 Necrotise                Necr           100%       1d9       1%          1
 Dispel Undead            Necr           36%        3d15      1%          4
 Summon Small Mammal      Summ           12%        N/A       19%         1
 Corpse Rot               Necr/Pois/Air  14%        N/A       32%         4
 Call Canine Familiar     Summ           3%         N/A       50%         3
 Ignite Poison            Fire/Tmut/Pois 3%         N/A       50%         3
 Mephitic Cloud           Conj/Pois/Air  3%         N/A       50%         3
 Summon Guardian Golem    Hex/Summ       3%         N/A       50%         3
 Animate Armour           Summ/Erth      6%         N/A       88%         4
 Olgreb's Toxic Radiance  Pois           3%         N/A       88%         4
 Blade Hands              Tmut           1%         N/A       99%         5
 Freezing Cloud           Conj/Ice/Air   1%         6-21      99%         5
 Death Channel            Necr           18%        N/A       16%         6
 Simulacrum               Ice/Necr       9%         N/A       91%         6
 Iron Shot                Conj/Erth      1%         9d1       100%        6
 Ozocubu's Refrigeration  Ice            1%         4d5       100%        7
 Ignition                 Fire           1%         3d3       100%        8


Dungeon Overview and Level Annotations

Branches:
Dungeon (9/15)             Temple (0/1) D:6            Lair (1/6) D:9
    Orc: D:9-12

Altars:
Cheibriados
Fedhas
Hepliaklqana
Kikubaaqudgha
Nemelex Xobeh
Sif Muna
Trog
Vehumet
Xom

Shops:
D:4 (

Annotations:
D:5 exclusion: statue
D:8 exclusion: 2 wights
D:9 exclusion: hornet


Innate Abilities, Weirdness & Mutations

You are partially covered in slimy green scales. (AC +2)
You regenerate a lot of health from kills.
Your touch may inflict minor irresistible damage on your foes.


Message History

Casting: Agony (dangerous; 3% risk of failure)
Confirm with . or Enter, or press ? or * to list all spells.
Aiming: Agony (dangerous; 3% risk of failure)
Press: ? - help, Shift-Dir - straight line, f/p - komodo dragon
Aim: a komodo dragon (chance to affect: 88%)
The komodo dragon convulses!
The komodo dragon bites you!
Casting: Agony (dangerous; 3% risk of failure)
Confirm with . or Enter, or press ? or * to list all spells.
Aiming: Agony (dangerous; 3% risk of failure)
Press: ? - help, Shift-Dir - straight line, f/p - komodo dragon
Aim: a komodo dragon (heavily wounded, chance to affect: 88%)
The komodo dragon convulses!
The komodo dragon bites you.
You completely miss the komodo dragon.
The komodo dragon is severely wounded.
The komodo dragon closely misses you.
You closely miss the komodo dragon.
The komodo dragon is severely wounded.
The komodo dragon bites you!!
* * * LOW HITPOINT WARNING * * *
You closely miss the komodo dragon.
The komodo dragon is severely wounded.
The komodo dragon bites you.
* * * LOW HITPOINT WARNING * * *
The komodo dragon misses you.
You closely miss the komodo dragon. Your touch misses the komodo dragon.
The komodo dragon is severely wounded.
The komodo dragon closely misses you.
You hit the komodo dragon but do no damage.
The komodo dragon writhes in agony.
You touch the komodo dragon.
The komodo dragon is almost dead.
The komodo dragon misses you.
You hit the komodo dragon.
The komodo dragon is almost dead.
The komodo dragon bites you.
* * * LOW HITPOINT WARNING * * *
You hit the komodo dragon but do no damage.
The komodo dragon is almost dead.
The komodo dragon bites you!!
You die...
Kikubaaqudgha rasps: "You have failed me!
Welcome... death!"

#..... #........b...#
##...# #............##
#...# #.............#
#...# .. #............#
#...# ...
##............# #....
...# #.............#
#...P ...###
##.......l....# ##...#
...#.####P......@.....#
#....#
......................#
##...#
......................#
#...P
......................#
##<..#
....##................#
#P...#
.....##...............#
##...#
......#......#.#.#....#
#...#
.P..##.PP....######...#
#...# P...##.......#
#P...# #...#


You could see a komodo dragon.

Vanquished Creatures
  2 komodo dragons (Lair:1)
  11 yaks
  A steam dragon (D:8)
  2 orc warriors
  3 sky beasts (D:7)
  2 ice beasts (D:7)
  2 black bears
  An ogre (D:4)
  A centaur (D:6)
  2 phantoms
  A kobold brigand (D:8)
  2 bullfrogs (D:7)
  7 scorpions
  A gnoll sergeant (D:3)
  3 necrophages
  A killer bee (D:9)
  2 jellies (D:7)
  3 hounds
  Crazy Yiuf (D:4)
  5 orc priests
  3 iguanas
  6 orc wizards
  7 gnolls
  10 adders
  A shadow imp (D:7)
  4 white imps
  An ufetubus (D:5)
  A dart slug (D:4)
  25 orcs
  5 endoplasms
  3 giant cockroaches
  4 goblins
  8 hobgoblins
  3 jackals (D:2)
  5 kobolds
  6 quokkas
  2 ball pythons (D:1)
  3 bats
  3 frilled lizards
  11 rats
164 creatures vanquished.

Vanquished Creatures (collateral kills)
  2 killer bees (D:9)
  An iguana (D:5)
  A gnoll (D:5)
  2 adders (D:5)
  An orc (D:9)
7 creatures vanquished.

Vanquished Creatures (others)
  A killer bee (D:9)
  2 fungi (Lair:1)
  A plant (D:9)
4 creatures vanquished.

Grand Total: 175 creatures vanquished

Notes
Turn   | Place    | Note
-------+----------+-------------------------------------------
     0 | D:1      | RBrandon the Demonspawn Monk began the quest for the Orb.
     0 | D:1      | Reached XP level 1. HP: 18/18 MP: 1/1
   672 | D:1      | Gained mutation: You regenerate a little health from kills.
                  | [demonic ancestry]
   672 | D:1      | Reached XP level 2. HP: 2/24 MP: 2/2
  1166 | D:1      | Reached XP level 3. HP: 18/29 MP: 3/3
  1292 | D:1      | Found a faded altar of an unknown god.
  1294 | D:1      | You fall into a shaft and drop 1 floor!
  1790 | D:2      | Reached XP level 4. HP: 33/37 MP: 4/4
  2122 | D:2      | Found a shimmering altar of Xom.
  2743 | D:3      | Reached XP level 5. HP: 42/42 MP: 5/5
  3049 | D:3      | Learned a level 1 spell: Necrotise
  3053 | D:3      | Learned a level 3 spell: Vampiric Draining
  3063 | D:3      | Found the +3 woodcutter's axe {vorpal}
  3093 | D:3      | Reached skill level 2 in Necromancy
  3227 | D:3      | Found a shimmering blue altar of Sif Muna.
  3618 | D:4      | Found Ulycaeh's Weapon Shop.
  3798 | D:4      | Reached skill level 3 in Necromancy
  3810 | D:4      | Gained mutation: You regenerate health from kills. [demonic
                  | ancestry]
  3810 | D:4      | Reached XP level 6. HP: 24/48 MP: 6/6
  4022 | D:4      | Reached skill level 4 in Necromancy
  4098 | D:4      | Found a runed translucent door.
  4099 | D:4      | Noticed Crazy Yiuf
  4115 | D:4      | Killed Crazy Yiuf
  4180 | D:4      | Reached skill level 5 in Necromancy
  4223 | D:4      | Gained mutation: Your touch may inflict minor irresistible
                  | damage on your foes. [demonic ancestry]
  4223 | D:4      | Reached XP level 7. HP: 52/54 MP: 2/7
  4226 | D:4      | Reached skill level 6 in Necromancy
  4480 | D:5      | Entered Level 5 of the Dungeon
  4539 | D:5      | Reached skill level 7 in Necromancy
  4686 | D:5      | Found a bloodstained altar of Trog.
  4688 | D:5      | Found a hazy altar of Hepliaklqana.
  4889 | D:5      | Found a radiant altar of Vehumet.
  4909 | D:5      | Reached skill level 8 in Necromancy
  4952 | D:5      | Reached skill level 1 in Spellcasting
  4952 | D:5      | Gained mutation: You are partially covered in slimy green
                  | scales. (AC +2) [demonic ancestry]
  4952 | D:5      | Reached XP level 8. HP: 59/60 MP: 4/10
  5050 | D:5      | Found a blossoming altar of Fedhas.
  5641 | D:6      | Reached skill level 5 in Spellcasting
  5735 | D:6      | Found an ancient bone altar of Kikubaaqudgha.
  5748 | D:6      | Became a worshipper of Kikubaaqudgha
  5748 | D:6      | Reached * piety under Kikubaaqudgha
  5748 | D:6      | Received a gift from Kikubaaqudgha
  5748 | D:6      | Reached ** piety under Kikubaaqudgha
  5753 | D:6      | Learned a level 2 spell: Sublimation of Blood
  5759 | D:6      | Learned a level 5 spell: Agony
  5764 | D:6      | Learned a level 4 spell: Anguish
  5970 | D:6      | Found a snail-covered altar of Cheibriados.
  6121 | D:6      | Found a sparkling altar of Nemelex Xobeh.
  6173 | D:6      | Reached skill level 5 in Fighting
  6303 | D:6      | Found a staircase to the Ecumenical Temple.
  6553 | D:7      | Gained mutation: You regenerate a lot of health from kills.
                  | [demonic ancestry]
  6553 | D:7      | Reached XP level 9. HP: 68/68 MP: 11/16
  6697 | D:7      | Reached skill level 5 in Dodging
  7546 | D:8      | Reached skill level 9 in Necromancy
  7560 | D:8      | Reached *** piety under Kikubaaqudgha
  7560 | D:8      | Received a gift from Kikubaaqudgha
  7561 | D:8      | Reached skill level 10 in Necromancy
  8210 | D:8      | Identified a scroll of acquirement
  8210 | D:8      | Acquired the +2 hood of the Assassin {Detection Stab+
                  | Stlth++}
  8210 | D:8      | Found the +2 hood of the Assassin {Detection Stab+ Stlth++}
  8308 | D:9      | Noticed a four-headed hydra
  8321 | D:9      | Noticed a boulder beetle
  8322 | D:9      | HP: 1/69 [orc priest/divine providence (15)]
  8541 | D:9      | Reached skill level 11 in Necromancy
  8617 | D:9      | Reached XP level 10. HP: 76/76 MP: 17/17
  8657 | D:9      | Found a staircase to the Lair.
  8667 | Lair:1   | Entered Level 1 of the Lair of Beasts
  8831 | Lair:1   | Reached skill level 12 in Necromancy
  9234 | Lair:1   | Slain by a komodo dragon

Illustrated notes

Levels and vault maps discovered:
D:1:      dpeg_arrival_oval, layout_basic, shapermc_ecumenical_altar_venn,
          chequers_serial_rivers_marsh
D:2:      layout_loops_ring, basic_altar
D:3:      layout_loops_ring, nicolae_sif_muna_condensation,
          pf_guarded_unrand_woodcutter
D:4:      layout_gridville, nicolae_stop_n_shop_2, uniq_crazy_yiuf_cottage
D:5:      layout_rooms, vehumet_statue, nicolae_overflow_hidden_temple,
          minitemple
D:6:      layout_cave_pools, cheibriados_altar_1, nemelex_diamond_rough_becter,
          nicolae_kikubaaqudgha_miasma_corner, temple_doors_e,
          serial_park_tiny_2, minmay_puff
D:7:      layout_basic, minmay_misc_feat_tower
D:8:      layout_loops_ring
D:9:      layout_irregular_city, david_lair_generic, corexii_leaking_fountain,
          nzn_sisyphean_effort
Lair:1:   minmay_lair_oklob_tunnel, layout_long_grid, lemuel_fruit_fields

Skill      XL: |  1  2  3  4  5  6  7  8  9 10 |
---------------+-------------------------------+-----
Long Blades    | 3 |  3.8
Dodging        | 3 4 5 |  5.7
Fighting       | 4 5 6 |  6.2
Necromancy     | 3 5 8 11 12 | 12.5
Spellcasting   | 1 5 |  5.1
Stealth        | |  1.7

Action                   |  1- 3 |  4- 6 |  7- 9 | 10-12 || total
-------------------------+-------+-------+-------+-------++-------
Melee: Falchion          |   111 |    61 |     5 |       ||   177
       Dagger            |       |   113 |   250 |       ||   363
       Punch             |       |     2 |    12 |     2 ||    16
       Touch             |       |       |    65 |    12 ||    77
       Whip              |       |       |    53 |    52 ||   105
 Cast: Necrotise         |       |     4 |    35 |       ||    39
       Vampiric Draining |       |       |    18 |       ||    18
       Agony             |       |       |     2 |     8 ||    10
       Anguish           |       |       |       |     1 ||     1
Evoke: Wand              |       |       |     1 |       ||     1
  Use: Potion            |       |     4 |     1 |       ||     5
       Scroll            |       |       |    15 |       ||    15
 Stab: Sleeping          |       |     1 |     3 |       ||     4
       Distracted        |       |       |     1 |       ||     1
Armor: Chain mail        |    72 |    64 |       |       ||   136
       Robe              |     1 |       |       |       ||     1
       Leather armour    |       |     9 |    78 |       ||    87
       Steam dragon scal |       |       |     9 |    18 ||    27
Dodge: Dodged            |    30 |    90 |   225 |    49 ||   394

Table legend: (Time is in decaauts)
 A = Elapsed time spent in this place.
 B = Non-inter-level travel time spent in this place.
 C = Inter-level travel time spent in this place.
 D = Time resting spent in this place.
 E = Time spent auto-exploring this place.
 F = Levels seen in this place.
 G = Mean time per level.
                   A        B        C        D        E       F      G
               +--------+--------+--------+--------+--------+-----+--------+
         Total |   9217 |   8993 |    224 |   1797 |   4980 |  10 |  921.7 |
       Dungeon |   8645 |   8421 |    224 |   1594 |   4858 |   9 |  960.6 |
          Lair |    571 |    571 |      0 |    203 |    122 |   1 |  571.0 |
               +--------+--------+--------+--------+--------+-----+--------+

Top non-repeatable levels by time:
     D:1: 1464 daAuts
     D:6: 1104 daAuts
     D:3: 1092 daAuts
     D:2: 1077 daAuts
     D:4: 927 daAuts
     D:7: 864 daAuts
     D:8: 851 daAuts
     D:5: 824 daAuts
  Lair:1: 571 daAuts
     D:9: 438 daAuts

Table legend:
 A = Kills in this place as a percentage of kills in entire the game.
 B = Kills by you in this place as a percentage of kills by you in the entire game.
 C = Kills by friends in this place as a percentage of kills by friends in the entire game.
 D = Other kills in this place as a percentage of other kills in the entire game.
 E = Experience gained in this place as a percentage of experience gained in the entire game.
 F = Experience gained in this place divided by the number of levels of this place that you have seen.
                   A       B       C       D       E      F
               +-------+-------+-------+-------+-------+----------------------
         Total | 100.0 | 100.0 | 100.0 | 100.0 | 100.0 | 752.1
       Dungeon |  95.3 |  95.1 | 100.0 | 100.0 |  74.0 | 618.2
          Lair |   4.7 |   4.9 |   0.0 |   0.0 |  26.0 | 1957.0
               +-------+-------+-------+-------+-------+----------------------
